 Dungeon Crawl Stone Soup version 0.31-a0-157-g0643eb4156 (webtiles) character file.

Game seed: 12910112895698122110

72 qw the Shooter (level 4, -1/40 HPs)
             Began as a Naga Hunter on June 12, 2023.
             Slain by a goblin
             ... wielding a +0 club
             ... led by Robin
              (2 damage)
             ... on level 3 of the Dungeon.
             The game lasted 00:00:35 (1917 turns).

qw the Shooter (Naga Hunter)                        Turns: 1917, Time: 00:00:36

Health: -1/40      AC:  2    Str: 14    XL:     4   Next: 26%
Magic:  4/4        EV:  9    Int:  9    God:
Gold:   124        SH:  0    Dex: 16    Spells: 3/3 levels left

rFire   . . .        Y - +3 triple crossbow (elec)
rCold   + . .        (shield currently unavailable)
rNeg    . . .        c - +0 leather armour
rPois   +            (no helmet)
rElec   .            (no cloak)
rCorr   .            (no gloves)
SInv    +            (no barding)
Will    .....        (no amulet)
Stlth   ++           f - ring of protection from cold
HPRegen 0.26/turn    (no ring)
MPRegen 0.09/turn

%: no passive effects
@: short of breath, very slow
A: AC +1, large, see invisible, deformed body, poison resistance, slowness 2,
spit poison 1, naga tail 1
a: Spit Poison


You were on level 3 of the Dungeon.
You visited 1 branch of the dungeon, and saw 3 of its levels.

You collected 124 gold pieces.


Innate Abilities, Weirdness & Mutations

Your serpentine skin is tough. (AC +1)
You have supernaturally acute eyesight. (SInv)
Armour fits poorly on your strangely shaped body.
Your system is resistant to poisons. (rPois)
You cover ground very slowly.
You can spit poison.
You have a snake-like lower body.


   Skills:
 + Level 2.4 Fighting
 - Level 5.0 Ranged Weapons
 - Level 1.5 Dodging
 - Level 1.5 Stealth


You had 3 spell levels left.
You didn't know any spells.
Your spell library was empty.

Inventory:

Hand Weapons
 Y - a +3 triple crossbow of electrocution (weapon)
Armour
 c - a +0 leather armour (worn)
Jewellery
 f - a ring of protection from cold (left hand)
Scrolls
 a - 2 scrolls of identify {unknown}
 b - a scroll of poison {unknown}
 j - a scroll of enchant armour {unknown}
Potions
 d - a potion of resistance {unknown}
 e - a potion of attraction {unknown}
 g - a potion of brilliance {unknown}
 h - a potion of might
 i - a potion of curing {unknown}

Dungeon Overview and Level Annotations

Branches:
Dungeon (3/15)

Altars:
Cheibriados
Vehumet

Annotations:
D:3 Robin


Message History

Robin laughs in a distinctly smug fashion.
Robin roars a battlecry!
The goblins go into a battle-frenzy!
A goblin comes into view. It is wielding a +0 dagger.
Robin roars a battlecry!
The goblin goes into a battle-frenzy!
The goblin hits you with a +0 club.
1912 ||| INVOKING Spit Poison.
Aiming: Spit Poison (1% risk of failure)
Press: ? - help, Shift-Dir - straight line, f - goblin The splash of poison misses the goblin.
The goblin hits you with a +0 club.
You shoot a bolt. The bolt hits the goblin.
You kill the goblin!
Robin throws the goblin at you! The goblin closely misses you.
The goblin hits you with a +0 dagger.
A hobgoblin comes into view.
The goblin hits you with a +0 dagger.
You shoot a bolt. The bolt hits the goblin!!
Lightning courses through the goblin!
You kill the goblin!
You have got your breath back.
The goblin hits you but does no damage. The goblin barely misses you.
The goblin hits you but does no damage. The goblin hits you with a +0 dagger.
1915 ||| INVOKING Spit Poison.
Aiming: Spit Poison (1% risk of failure)
Press: ? - help, Shift-Dir - straight line, f - goblin The splash of poison hits the goblin.
The goblin is severely wounded.
Robin throws the goblin at you! The goblin hits you with a +0 club.
The goblin barely misses you. The goblin hits you with a +0 club.
You shoot a bolt. The bolt hits the goblin!!
You kill the goblin!
The goblin barely misses you. The goblin hits you with a +0 club.
Robin roars a battlecry!
The goblin goes into a battle-frenzy!
The goblin barely misses you. The goblin hits you but does no damage.
You shoot a bolt. The bolt closely misses the goblin.
The goblin hits you with a +0 dagger. The goblin hits you with a +0 club.
You die...

.........##..#
###.##...!......
.........##..#
#.###........#
..........#...
#.###........#
.......#..#..#
#......!.....#
......###...
#####.######.# ..##..#
..## #.# #.# .. ##.. ##
#.# #.#
.##..##########.######.#
.....gg@g..............#
...##.g######...########
##. ##### .. ... ..)#
##.. #..


You could see Robin, a hobgoblin (strong) and 2 goblins.

Vanquished Creatures
  2 worms (D:2)
  5 dart slugs
  5 ball pythons
  2 endoplasms (D:1)
  8 goblins
  5 hobgoblins
  5 jackals
  2 quokkas (D:2)
  6 bats
  4 frilled lizards
  5 kobolds
  6 rats
55 creatures vanquished.

Notes
Turn   | Place    | Note
-------+----------+-------------------------------------------
     0 | D:1      | qw the Naga Hunter began the quest for the Orb.
     0 | D:1      | Reached XP level 1. HP: 19/19 MP: 1/1
     0 | D:1      | 0 ||| qw: Version: 0.2-a-29-gc1b59c4
     0 | D:1      | 0 ||| qw: Game counter: 4109
     0 | D:1      | 0 ||| qw: Always use a shield: true
     0 | D:1      | 0 ||| qw: God list: Okawaru
     0 | D:1      | 0 ||| qw: Allow faded altars: false
     0 | D:1      | 0 ||| qw: Do Orc after D:15 true
     0 | D:1      | 0 ||| qw: Do second Lair branch before Depths: true
     0 | D:1      | 0 ||| qw: Lair rune preference: random
     0 | D:1      | 0 ||| qw: Plans: Normal
     0 | D:1      | 0 ||| PLANNING D:1-11
     5 | D:1      | 5 ||| Stepping ~*~*~tactically~*~*~ (outnumbered).
     7 | D:1      | 7 ||| INVOKING Spit Poison.
    12 | D:1      | 12 ||| FLEEEEING.
    16 | D:1      | 16 ||| INVOKING Spit Poison.
    45 | D:1      | You fall into a shaft and drop 1 floor!
    52 | D:2      | 52 ||| INVOKING Spit Poison.
    56 | D:2      | Reached skill level 4 in Ranged Weapons
    56 | D:2      | Reached XP level 2. HP: 26/26 MP: 2/2
    63 | D:2      | 63 ||| DROPPING scroll of butterflies.
    73 | D:1      | 73 ||| INVOKING Spit Poison.
   145 | D:1      | 145 ||| INVOKING Spit Poison.
   177 | D:1      | 177 ||| INVOKING Spit Poison.
   216 | D:1      | 216 ||| INVOKING Spit Poison.
   228 | D:1      | 228 ||| INVOKING Spit Poison.
   312 | D:1      | 312 ||| INVOKING Spit Poison.
   318 | D:1      | 318 ||| INVOKING Spit Poison.
   375 | D:1      | 375 ||| INVOKING Spit Poison.
   379 | D:1      | 379 ||| INVOKING Spit Poison.
   382 | D:1      | 382 ||| INVOKING Spit Poison.
   397 | D:1      | Reached XP level 3. HP: 32/32 MP: 3/3
   598 | D:1      | 598 ||| INVOKING Spit Poison.
   610 | D:1      | 610 ||| INVOKING Spit Poison.
   681 | D:1      | 681 ||| READING scroll labelled AJUGUPT JOURAIRUL.
   682 | D:1      | 682 ||| READING scroll labelled FISOLA ELAVESCH.
   682 | D:1      | Identified a scroll of acquirement
   682 | D:1      | 682 ||| ACQUIRING +3 triple crossbow of electrocution
   682 | D:1      | Acquired a +3 triple crossbow of electrocution
   684 | D:1      | 684 ||| SWAPPING to +3 triple crossbow of electrocution.
   685 | D:1      | 685 ||| DROPPING +0 shortbow.
   686 | D:1      | 686 ||| DRINKING 2 viscous orange potions.
   710 | D:1      | 710 ||| DROPPING potion of lignification.
   856 | D:2      | 856 ||| INVOKING Spit Poison.
   991 | D:2      | 991 ||| INVOKING Spit Poison.
  1001 | D:2      | 1001 ||| INVOKING Spit Poison.
  1072 | D:2      | Found a snail-covered altar of Cheibriados.
  1097 | D:2      | 1097 ||| INVOKING Spit Poison.
  1284 | D:2      | 1284 ||| INVOKING Spit Poison.
  1377 | D:2      | 1377 ||| UPGRADING to ring of protection from cold.
  1378 | D:2      | 1378 ||| READING scroll labelled QAYMMA SUKHLAU.
  1379 | D:2      | 1379 ||| READING scroll labelled ADAKAMPU VEMI.
  1383 | D:2      | 1383 ||| DRINKING 2 golden potions.
  1390 | D:3      | 1390 ||| INVOKING Spit Poison.
  1393 | D:3      | 1393 ||| INVOKING Spit Poison.
  1398 | D:3      | 1398 ||| INVOKING Spit Poison.
  1448 | D:3      | 1448 ||| INVOKING Spit Poison.
  1449 | D:3      | Reached skill level 5 in Ranged Weapons
  1449 | D:3      | Reached XP level 4. HP: 39/39 MP: 4/4
  1450 | D:3      | 1450 ||| INVOKING Spit Poison.
  1453 | D:3      | 1453 ||| INVOKING Spit Poison.
  1666 | D:3      | Found a radiant altar of Vehumet.
  1861 | D:3      | 1861 ||| INVOKING Spit Poison.
  1904 | D:3      | 1904 ||| INVOKING Spit Poison.
  1908 | D:3      | Noticed Robin
  1909 | D:3      | 1909 ||| INVOKING Spit Poison.
  1912 | D:3      | 1912 ||| INVOKING Spit Poison.
  1915 | D:3      | 1915 ||| INVOKING Spit Poison.
  1915 | D:3      | HP: 7/40 [goblin/+0 club[Robin] (5)]
  1917 | D:3      | HP: 1/40 [goblin/+0 dagger[Robin] (4)]
  1917 | D:3      | Slain by a goblin

Levels and vault maps discovered:
D:1:      minmay_arrival_solitary_statue, layout_basic, minmay_unequal
D:2:      layout_basic, basic_altar
D:3:      layout_basic, nicolae_dithmenos_shadow_blocks,
          nicolae_vehumet_altar_sigil, hellmonk_ecumenical_altar_leap_of_faith,
          uniq_robin

Skill      XL: |  1  2  3 |
---------------+----------+-----
Ranged Weapons | 4 5 |  5.0
Fighting       | |  2.4
Dodging        | |  1.5
Stealth        | |  1.5

Action                     |  1- 3 |  4- 6 || total
---------------------------+-------+-------++-------
   Fire: Shortbow          |    39 |       ||    39
         Triple crossbow   |    21 |    13 ||    34
Ability: Spit Poison       |    24 |     7 ||    31
    Use: Scroll            |     4 |       ||     4
         Potion            |     2 |       ||     2
 Armour: Leather armour    |     3 |     6 ||     9
  Dodge: Dodged            |    12 |    11 ||    23

Table legend:
 A = Non-vault XP
 B = Vault XP
 C = Vault XP percentage of total XP
 D = Non-vault monster count
 E = Vault monster count
 F = Vault count percentage of total count
                 A         B        C        D         E       F
            +---------+---------+-------+---------+---------+-------
      Total |      88 |      16 |  15.4 |      46 |       9 |  16.4
            +---------+---------+-------+---------+---------+-------
        D:1 |      37 |       3 |   7.5 |      19 |       2 |   9.5
        D:2 |      31 |       0 |   0.0 |      16 |       0 |   0.0
        D:3 |      20 |      13 |  39.4 |      11 |       7 |  38.9
            +---------+---------+-------+---------+---------+-------
